 Dungeon Crawl Stone Soup version 0.29.1-12-g30fa7ad0bf (webtiles) character file.

Game seed: 2514578467066829347

109 wormed the Conjurer (level 4, 0/24 HPs)
             Began as a Deep Elf Conjurer on Dec 27, 2022.
             Killed from afar by Sigmund (6 damage)
             ... with a puff of flame
             ... on level 3 of the Dungeon.
             The game lasted 00:05:14 (3186 turns).

wormed the Conjurer (Deep Elf Conjurer)             Turns: 3186, Time: 00:05:15

Health: 0/24       AC:  3    Str:  4    XL:     4   Next: 60%
Magic:  12/12      EV: 12    Int: 25    God:
Gold:   183        SH:  0    Dex: 13    Spells: 0/11 levels left

rFire   . . .      SeeInvis .   k - +2 short sword (protect)
rCold   . . .      Faith    .   (no shield)
rNeg    . . .      Spirit   .   a - +0 robe
rPois   .          Reflect  .   p - +0 helmet
rElec   .          Harm     .   (no cloak)
rCorr   .          Rampage  .   (no gloves)
Will    .....                   (no boots)
Stlth   +.........              (no amulet)
HPRegen 0.08/turn               (no ring)
MPRegen 0.13/turn               (no ring)

@: confused
A: no striking features
a: no special abilities


You were on level 3 of the Dungeon.
You visited 1 branch of the dungeon, and saw 3 of its levels.

You collected 183 gold pieces.

Inventory:

Hand Weapons
 d - a +0 dagger
 k - a +2 short sword of protection (weapon)
Armour
 a - a +0 robe (worn)
 p - a +0 helmet (worn)
Scrolls
 e - 2 scrolls of amnesia {unknown}
 f - 3 scrolls of vulnerability {unknown}
 g - 3 scrolls of immolation {unknown}
 h - a scroll of teleportation {unknown}
 j - 2 scrolls of poison {unknown}
 l - a scroll of magic mapping {unknown}
 m - a scroll of enchant armour {unknown}
 n - a scroll of fear {unknown}
 q - a scroll of torment {unknown}
Potions
 b - a potion of magic
 c - a potion of heal wounds {unknown}
 i - a potion of flight {unknown}
 o - a potion of lignification {unknown}


   Skills:
 - Level 3.0 Dodging
 - Level 3.0 Stealth
 - Level 4.0 Spellcasting
 + Level 5.9 Conjurations


You couldn't memorise any spells.
You knew the following spells:

 Your Spells              Type           Power      Damage    Failure   Level
a - Magic Dart            Conj           100%       1d8       1%          1
b - Searing Ray           Conj           68%        2d6       1%          2
c - Fulminant Prism       Conj/Hex       9%         3d7       26%         4
d - Iskenderun's Mystic   Conj/Tloc      19%        2d6       26%         4

Your spell library contained the following spells:

 Spells                   Type           Power      Damage    Failure   Level
 Dazzling Flash           Conj/Hex       38%        N/A       9%          3
 Blink                    Tloc           10%        N/A       14%         2
 Lesser Beckoning         Tloc           5%         N/A       26%         3
 Manifold Assault         Tloc           5%         N/A       94%         5


Dungeon Overview and Level Annotations

Branches:
Dungeon (3/15)

Altars:

Annotations:
D:3 Sigmund


Message History

Confirm with . or Enter, or press ? or * to list all spells.
Aiming: Searing Ray (safe; 1% risk of failure)
Press: ? - help, Shift-Dir - straight line The searing ray hits something! (Press . to maintain the ray.)
Something hits you.
The searing ray hits something.
A magic dart appears from out of thin air!
The magic dart hits you!
Ouch! That really hurt!
You finish channelling your searing ray.
Something hits you but does no damage.
Casting: Searing Ray (safe; 1% risk of failure)
Confirm with . or Enter, or press ? or * to list all spells.
You can't see any susceptible monsters within range! (Use Z to cast anyway.)
Casting: Searing Ray (safe; 1% risk of failure)
Confirm with . or Enter, or press ? or * to list all spells.
You can't see any susceptible monsters within range! (Use Z to cast anyway.)
Casting: Searing Ray (safe; 1% risk of failure)
Confirm with . or Enter, or press ? or * to list all spells.
Aiming: Searing Ray (safe; 1% risk of failure)
Press: ? - help, Shift-Dir - straight line The searing ray hits something. (Press . to maintain the ray.)
Something hits you.
* * * LOW HITPOINT WARNING * * *
Without enough magic to sustain it, your searing ray dissipates.
Something hits you but does no damage.
A magic dart appears from out of thin air!
The magic dart hits you.
* * * LOW HITPOINT WARNING * * *
Magic courses through your body.
You hear some strange, mumbled words.
You are confused.
You're too confused to cast spells.
You're too confused to move!
You hear some strange, mumbled words.
A puff of flame appears from out of thin air!
The puff of flame hits you.
You die...

#.######## #.##.#
#..(....# #.##.#
#.#####.# #.##.#
#.#####.## #.##.#
........(# #.##.#
.#######.# #.##.#
<# #.# #.##{# .#
#.# #....# .# #÷#
###.@# .# #.# #..#
.## #)# #..#
..######)######..#
.#..........†....#
###.....#######.##
.#.#.#.## #.#
#..#.#.# #.#
#..#.#.# #>.


There were no monsters in sight!

Vanquished Creatures
  3 gnolls (D:3)
  4 adders (D:3)
  A worm (D:2)
  5 ball pythons
  6 bats
  3 endoplasms (D:1)
  2 goblins
  4 hobgoblins
  5 kobolds
  5 quokkas
  2 frilled lizards
  3 rats
43 creatures vanquished.

Vanquished Creatures (others)
  A fulminant prism (D:3)
1 creature vanquished.

Grand Total: 44 creatures vanquished

Notes
Turn   | Place    | Note
-------+----------+-------------------------------------------
     0 | D:1      | wormed the Deep Elf Conjurer began the quest for the Orb.
     0 | D:1      | Reached XP level 1. HP: 10/10 MP: 6/6
   313 | D:1      | Reached XP level 2. HP: 15/15 MP: 2/8
   678 | D:1      | Found Lyoch's Jewellery Shop.
   907 | D:1      | Learned a level 2 spell: Searing Ray
  1506 | D:2      | Found a faded altar of an unknown god.
  1532 | D:2      | Reached XP level 3. HP: 19/19 MP: 7/10
  2500 | D:3      | Reached skill level 5 in Conjurations
  2827 | D:3      | Reached XP level 4. HP: 24/24 MP: 9/12
  3153 | D:3      | Noticed Sigmund
  3159 | D:3      | Learned a level 4 spell: Fulminant Prism
  3164 | D:3      | Learned a level 4 spell: Iskenderun's Mystic Blast
  3186 | D:3      | Killed from afar by Sigmund

Illustrated notes

Levels and vault maps discovered:
D:1:      minmay_arrival_nine_rooms, layout_basic, serial_shops,
          nicolae_lakefront_shop
D:2:      layout_basic, shapermc_ecumenical_altar_starsandcircs,
          chequers_serial_rivers_room_a, kennysheep_generic_room_10
D:3:      layout_loops_ring, nicolae_figureground_sparkle, uniq_sigmund

Skill      XL: |  1  2  3 |
---------------+----------+-----
Stealth        | 3 |  3.0
Dodging        | 3 |  3.0
Spellcasting   | 4 |  4.0
Conjurations   | 5 |  5.9

Action                   |  1- 3 |  4- 6 || total
-------------------------+-------+-------++-------
Melee: Dagger            |     1 |       ||     1
 Cast: Magic Dart        |    42 |     5 ||    47
       Searing Ray       |    14 |     6 ||    20
       Fulminant Prism   |       |     1 ||     1
  Use: Potion            |       |     1 ||     1
Armor: Robe              |     2 |     2 ||     4
Dodge: Dodged            |     5 |     2 ||     7
